 Dungeon Crawl Stone Soup version 0.24.0-123-gd5b16e6ec5 (webtiles) character file.

Game seed: 12370344333767378507, levelgen mode: deterministic

210 FessEmpty the Skirmisher (level 5, 0/47 HPs)
             Began as a Gnoll Wanderer on Dec 30, 2019.
             Succumbed to a worker ant's poison
             ... on level 4 of the Dungeon.
             The game lasted 00:07:14 (3018 turns).

FessEmpty the Skirmisher (Gnoll Wanderer)           Turns: 3018, Time: 00:07:15

Health: 0/47       AC:  1    Str: 18 (20) XL:     5   Next: 88%
Magic:  12/12      EV: 12    Int: 13 (16) God:
Gold:   157        SH:  0    Dex: 11 (13) Spells: 14/14 levels left

rFire    + . .     SeeInvis .   h - +2 dagger (speed)
rCold    + . .     Gourm    .   (no shield)
rNeg     . . .     Faith    .   k - -2 leather armour (curse)
rPois    +         Spirit   .   (no helmet)
rElec    +         Reflect  .   (no cloak)
rCorr    +         Harm     .   (no gloves)
MR       .....                  (no boots)
Stlth    ++........             (no amulet)
HPRegen  0.15/turn              (no ring)
MPRegen  0.13/turn              (no ring)

@: mighty, lethally poisoned (0 -> -2), resistant
A: distributed training, fangs 1, strong nose
a: no special abilities


You were on level 4 of the Dungeon.
You were not hungry.

You visited 1 branch of the dungeon, and saw 4 of its levels.

You collected 157 gold pieces.

Inventory:

Hand Weapons
 a - a +2 quarterstaff
 h - a +2 dagger of speed (weapon)
Armour
 c - a +0 robe
 k - a cursed -2 leather armour (worn)
Jewellery
 i - an uncursed amulet of faith
Scrolls
 b - 2 scrolls of teleportation
 e - 3 scrolls of fog
 g - a scroll of remove curse
 n - a scroll of enchant weapon {unknown}
 o - 2 scrolls of fear
Potions
 p - a potion of degeneration
Comestibles
 d - 3 rations


   Skills:
 + Level 6.7 Fighting
 + Level 1.6 Short Blades
 + Level 1.6 Long Blades
 + Level 1.6 Axes
 + Level 1.6 Maces & Flails
 + Level 1.6 Polearms
 + Level 3.0 Staves
 + Level 1.6 Slings
 + Level 1.6 Bows
 + Level 1.6 Crossbows
 + Level 3.0 Throwing
 + Level 1.6 Armour
 + Level 3.0 Dodging
 + Level 2.8 Stealth
 + Level 1.6 Shields
 + Level 1.6 Unarmed Combat
 + Level 5.2 Spellcasting
 + Level 1.3 Conjurations
 + Level 1.3 Hexes
 + Level 1.3 Charms
 + Level 1.3 Summonings
 + Level 1.3 Necromancy
 + Level 1.3 Translocations
 + Level 1.3 Transmutations
 + Level 1.3 Fire Magic
 + Level 1.3 Ice Magic
 + Level 1.3 Air Magic
 + Level 1.3 Earth Magic
 + Level 2.4 Poison Magic
 + Level 1.8 Invocations
 + Level 1.6 Evocations


You had 14 spell levels left.
You didn't know any spells.
Your spell library was empty.

Dungeon Overview and Level Annotations

Branches:
Dungeon (4/15)
 Temple: D:4-7

Altars:
Nemelex Xobeh


Innate Abilities, Weirdness & Mutations

Your experience applies equally to all skills.
You have very sharp teeth.
Your uncanny sense of smell can sniff out nearby items.


Message History

The jackal skeleton is severely damaged.
The jackal skeleton closely misses you.
You barely miss the jackal skeleton.
The jackal skeleton is severely damaged.
The jackal skeleton bites you.
You hit the jackal skeleton.
You destroy the jackal skeleton!
You open the door.
HP restored.
There is an open door here.
You now have 157 gold pieces (gained 4).
An orc comes into view. It is wielding a +0 hand axe.
An orc is nearby!
The orc shouts!
An orc wizard comes into view.
It is wielding a +0 dagger of speed. 2 orcs come into view.
The orc wizard shouts!
The orc shouts! x2
A worker ant comes into view.
The worker ant twitches its antennae in your direction.
The orc barely misses you.
An orc comes into view. It is wielding a -2 club.
A worker ant comes into view.
You barely miss the orc. The orc hits you with a +0 hand axe.
The orc shouts!
You hit the orc.
The orc is severely wounded.
The orc wizard mumbles some strange words.
The orc wizard flickers and vanishes!
Deactivating autopickup; reactivate with Ctrl-A.
You hit the orc.
You kill the orc!
You miss something. Your bite misses something.
You hit something but do no damage.
You hear some strange, mumbled words.
Something tries to affect you, but you resist.
The worker ant closely misses you. The worker ant bites you.
You are poisoned.
The worker ant poisons you!
You feel sick.
There is an open door here.
You feel sick. As you open the door, it creaks loudly!
The worker ant bites you. The worker ant barely misses you.
There is an open door here.
You feel sick. The worker ant bites you.
You feel sick.
There is a stone staircase leading up here.
You see here a scroll of noise.
You hit the worker ant but do no damage.
The worker ant bites you.
You hit the worker ant.
The worker ant is lightly wounded.
You closely miss the worker ant.
The worker ant is lightly wounded.
The worker ant barely misses you.
You hit the worker ant.
The worker ant is moderately wounded.
The worker ant bites you.
You barely miss the worker ant.
The worker ant is moderately wounded.
You hit the worker ant.
The worker ant is heavily wounded.
The worker ant bites you!
You are too injured to fight recklessly!
You are too injured to fight recklessly!
You are too injured to fight recklessly!
You hit the worker ant.
The worker ant is severely wounded.
You feel sick. The worker ant bites you.
You are more poisoned.
The worker ant poisons you! The worker ant bites you.
* * * LOW HITPOINT WARNING * * *
You are lethally poisoned!
The worker ant poisons you!
You climb upwards.
Reactivating autopickup.
* * * LOW HITPOINT WARNING * * *
You feel sick.
There is a stone staircase leading down here.
It was a potion of degeneration.
There was something very wrong with that liquid.
You feel weakened.
You feel dopey.
You feel clumsy.
* * * LOW HITPOINT WARNING * * *
You feel sick. The worker ant barely misses you.
It was a potion of curing.
You feel better. The worker ant closely misses you. x2
You closely miss the worker ant.
The worker ant is severely wounded.
You hit the worker ant but do no damage.
You bite the worker ant, but do no damage.
The worker ant is severely wounded.
The worker ant bites you but does no damage.
You hit the worker ant.
The worker ant is almost dead.
The worker ant bites you!
You hit the worker ant.
You kill the worker ant!
You see here a worker ant corpse.
You butcher the worker ant corpse.
q - 5 chunks of flesh (gained 2)
There is a stone staircase leading down here.
You start resting.
Some of the chunks of flesh in your inventory have rotted away. x2
Eating one of 2 chunks of flesh.
You eat one of the 2 chunks of flesh.
This raw flesh tastes terrible.
HP restored.
All of the chunks of flesh in your inventory have rotted away.
There is a stone staircase leading down here.
You climb downwards.
There is a stone staircase leading up here.
A worker ant comes into view.
The worker ant twitches its antennae in your direction.
The worker ant bites you.
You are poisoned.
The worker ant poisons you!
You hit the worker ant.
The worker ant is moderately wounded.
You feel sick.
The worker ant bites you but does no damage.
You hit the worker ant but do no damage.
You bite the worker ant, but do no damage.
The worker ant is moderately wounded.
The worker ant bites you.
You hit the worker ant but do no damage.
The worker ant is moderately wounded.
You hit the worker ant but do no damage.
The worker ant is moderately wounded.
You feel sick. The worker ant closely misses you.
You hit the worker ant.
The worker ant is moderately wounded.
The worker ant bites you.
You barely miss the worker ant.
You bite the worker ant, but do no damage.
The worker ant is moderately wounded.
The worker ant bites you.
You hit the worker ant.
The worker ant is heavily wounded.
You hit the worker ant but do no damage.
Your bite misses the worker ant.
The worker ant is heavily wounded.
The worker ant barely misses you.
You closely miss the worker ant.
The worker ant is heavily wounded.
You feel sick. The worker ant bites you.
You are more poisoned.
The worker ant poisons you!
You hit the worker ant.
The worker ant is severely wounded.
The worker ant bites you!
You are more poisoned.
The worker ant poisons you!
You hit the worker ant. You bite the worker ant.
The worker ant is almost dead.
You feel sick.
You closely miss the worker ant.
The worker ant is almost dead.
You feel sick. The worker ant bites you.
It was a potion of might.
You feel very mighty all of a sudden.
* * * LOW HITPOINT WARNING * * *
You feel sick. The worker ant bites you.
* * * LOW HITPOINT WARNING * * *
It was a potion of resistance.
You feel protected.
* * * LOW HITPOINT WARNING * * *
You feel sick. The worker ant closely misses you.
You hit the worker ant but do no damage.
You bite the worker ant.
You kill the worker ant!
You feel your dexterity returning.
* * * LOW HITPOINT WARNING * * *
You feel sick.
* * * LOW HITPOINT WARNING * * *
You feel sick.
* * * LOW HITPOINT WARNING * * *
You feel sick.
There is a lethal amount of poison in your body!
* * * LOW HITPOINT WARNING * * *
You feel sick.
* * * LOW HITPOINT WARNING * * *
You feel sick.
* * * LOW HITPOINT WARNING * * *
You feel sick.
* * * LOW HITPOINT WARNING * * *
You feel sick.
* * * LOW HITPOINT WARNING * * *
You feel sick.
* * * LOW HITPOINT WARNING * * *
You feel sick.
* * * LOW HITPOINT WARNING * * *
You feel sick.
* * * LOW HITPOINT WARNING * * *
You feel sick.
* * * LOW HITPOINT WARNING * * *
You feel sick.
* * * LOW HITPOINT WARNING * * *
You feel sick.
You die...

#+##### +.....##
#......#
#####......#
##..##.@##.##
#.<.##..##.#
##.......#..
#..##...#...
#..##...+....
....#....#.....
.##..+....#......
#. #..###### .. #
...# # ##..


There were no monsters in sight!

Vanquished Creatures
  2 worker ants
  5 adders
  4 gnolls (D:3)
  3 dart slugs
  A worm (D:2)
  A leopard gecko (D:3)
  An orc (D:4)
  4 ball pythons
  8 bats
  4 giant cockroaches
  7 goblins
  6 hobgoblins
  3 jackals (D:1)
  A quokka (D:3)
  3 frilled lizards
  A jackal skeleton (D:4)
  12 kobolds
  6 rats
72 creatures vanquished.

Notes
Turn   | Place    | Note
-------+----------+-------------------------------------------
     0 | D:1      | FessEmpty the Gnoll Wanderer began the quest for the Orb.
     0 | D:1      | FessEmpty set off with the following items: a +2
                  | quarterstaff, 2 scrolls of teleportation, a +0 robe, a
                  | ration
     0 | D:1      | Reached XP level 1. HP: 23/23 MP: 6/6
   137 | D:1      | Reached XP level 2. HP: 29/29 MP: 7/7
   332 | D:1      | Found a sparkling altar of Nemelex Xobeh.
   440 | D:1      | Reached XP level 3. HP: 32/35 MP: 9/9
   698 | D:2      | Reached skill level 5 in Spellcasting
   937 | D:2      | Reached skill level 1 in Invocations
  1106 | D:2      | Reached skill level 1 in Short Blades
  1106 | D:2      | Reached skill level 1 in Long Blades
  1106 | D:2      | Reached skill level 1 in Axes
  1106 | D:2      | Reached skill level 1 in Maces & Flails
  1106 | D:2      | Reached skill level 1 in Polearms
  1106 | D:2      | Reached skill level 1 in Slings
  1106 | D:2      | Reached skill level 1 in Bows
  1106 | D:2      | Reached skill level 1 in Crossbows
  1106 | D:2      | Reached skill level 1 in Armour
  1106 | D:2      | Reached skill level 1 in Shields
  1106 | D:2      | Reached skill level 1 in Unarmed Combat
  1106 | D:2      | Reached skill level 1 in Evocations
  1107 | D:2      | Reached XP level 4. HP: 18/41 MP: 11/11
  1977 | D:3      | Reached skill level 1 in Conjurations
  1977 | D:3      | Reached skill level 1 in Hexes
  1977 | D:3      | Reached skill level 1 in Charms
  1977 | D:3      | Reached skill level 1 in Summonings
  1977 | D:3      | Reached skill level 1 in Necromancy
  1977 | D:3      | Reached skill level 1 in Translocations
  1977 | D:3      | Reached skill level 1 in Transmutations
  1977 | D:3      | Reached skill level 1 in Fire Magic
  1977 | D:3      | Reached skill level 1 in Ice Magic
  1977 | D:3      | Reached skill level 1 in Air Magic
  1977 | D:3      | Reached skill level 1 in Earth Magic
  2034 | D:3      | Reached XP level 5. HP: 16/47 MP: 12/12
  3006 | D:4      | HP: 2/47 [poisoned by a worker ant]
  3011 | D:4      | HP: 1/47 [poisoned by a worker ant]
  3018 | D:4      | Succumbed to a worker ant's poison

Levels and vault maps discovered:
D:1:      dpeg_arrival_pits, layout_loops_ring, nemelex_diamond_rough_becter
D:2:      layout_rooms, kennysheep_path_1, kennysheep_generic_room_9
D:3:      layout_loops_ring
D:4:      layout_gridville

Skill      XL: |  1  2  3  4  5 |
---------------+----------------+-----
Poison Magic   | 2 |  2.4
Spellcasting   | 5 |  5.2
Invocations    | 1 |  1.8
Short Blades   | 1 |  1.6
Long Blades    | 1 |  1.6
Axes           | 1 |  1.6
Maces & Flails | 1 |  1.6
Polearms       | 1 |  1.6
Slings         | 1 |  1.6
Bows           | 1 |  1.6
Crossbows      | 1 |  1.6
Armour         | 1 |  1.6
Shields        | 1 |  1.6
Unarmed Combat | 1 |  1.6
Evocations     | 1 |  1.6
Conjurations   | 1 |  1.3
Hexes          | 1 |  1.3
Charms         | 1 |  1.3
Summonings     | 1 |  1.3
Necromancy     | 1 |  1.3
Translocations | 1 |  1.3
Transmutations | 1 |  1.3
Fire Magic     | 1 |  1.3
Ice Magic      | 1 |  1.3
Air Magic      | 1 |  1.3
Earth Magic    | 1 |  1.3
Staves         | 3 |  3.0
Throwing       | 3 |  3.0
Dodging        | 3 |  3.0
Fighting       | |  6.7
Stealth        | |  2.8

Action                   |  1- 3 |  4- 6 || total
-------------------------+-------+-------++-------
Melee: Quarterstaff      |    71 |    21 ||    92
       Bite              |     7 |    21 ||    28
       Dagger            |       |   136 ||   136
       Punch             |       |     1 ||     1
  Use: Potion            |       |     5 ||     5
       Scroll            |       |     5 ||     5
 Stab: Sleeping          |     5 |     5 ||    10
  Eat: Chunk             |     1 |     6 ||     7
Armor: Robe              |     5 |       ||     5
       Leather armour    |     9 |     6 ||    15
Dodge: Dodged            |    60 |    69 ||   129
